 Dungeon Crawl Stone Soup version 0.21.0-3-g78d12a8 (webtiles) character file.

293 Firecrotchwizard the Poker (level 6, -6/73 HPs)
             Began as a Merfolk Berserker on Jan 12, 2018.
             Was a Priest of Trog.
             Mangled by an orc priest
             ... wielding a +0 war axe
              (8 damage)
             ... on level 4 of the Dungeon.
             The game lasted 00:06:24 (3541 turns).

Firecrotchwizard the Poker (Merfolk Berserker)      Turns: 3541, Time: 00:06:25

Health: -6/73      AC:  6    Str: 22    XL:     6   Next: 33%
Magic:  6/6        EV: 13    Int:  7    God:    Trog [***...]
Gold:   143        SH:  0    Dex: 15    Spells: 5/5 levels left

rFire    . . .     SeeInvis .   a - +0 spear
rCold    . . .     Gourm    .   (no shield)
rNeg     . . .     Faith    .   r - +0 ring mail
rPois    .         Spirit   .   (no helmet)
rElec    .         Reflect  .   (no cloak)
rCorr    .         Harm     .   q - +0 pair of gloves
MR       ++...                  (no boots)
Stlth    ..........             (no amulet)
HPRegen  1.22/turn              (no ring)
MPRegen  0.10/turn              (no ring)

@: berserking (expiring), regenerating, very quick
A: change form in water, swift swim, stealthy swim
a: Berserk, Trog's Hand, Burn Spellbooks, Renounce Religion


You were on level 4 of the Dungeon.
You worshipped Trog.
Trog was most pleased with you.
You were hungry.

You visited 1 branch of the dungeon, and saw 4 of its levels.

You collected 143 gold pieces.

Inventory:

Hand Weapons
 a - a +0 spear (weapon)
 f - a +2 flail of pain
   (You took it off an orc on level 3 of the Dungeon)
 s - a +2 whip of draining
   (You took it off an orc on level 4 of the Dungeon)
Armour
 b - a +0 animal skin
 k - a +0 chain mail
   (You found it on level 3 of the Dungeon)
 q - a +0 pair of gloves (worn)
   (You found it on level 4 of the Dungeon)
 r - a +0 ring mail (worn)
   (You took it off an orc on level 4 of the Dungeon)
Scrolls
 d - 5 scrolls of identify {unknown}
 h - 2 scrolls of noise {unknown}
 i - 2 scrolls of amnesia {unknown}
 j - a scroll of remove curse {unknown}
 p - a scroll of enchant weapon {unknown}
Potions
 e - 2 potions of flight {unknown}
 g - 2 potions of degeneration {unknown}
 l - a potion of lignification {unknown}
 m - a potion of magic {unknown}
 o - a potion of invisibility {unknown}
 t - a potion of mutation {unknown}
Comestibles
 c - 8 rations {@e1}
 n - 3 chunks of flesh {@w0}


   Skills:
 + Level 4.4 Fighting
 * Level 7.1 Polearms
 + Level 2.4 Armour
 + Level 4.5 Dodging


You had 5 spell levels left.
You didn't know any spells.

Dungeon Overview and Level Annotations

Branches:
Dungeon (4/15)
 Temple: D:4-7

Altars:
Nemelex Xobeh

Annotations:
D:2 exclusion: Sigmund, Sigmund


Message History

d - 5 scrolls labeled TEOQAQUERO (gained 1)
You see here a stone.
Items here: ))) [ รทรทรท You regained 3 hp, and now have 45/49 hp.
You see here a stone.
c - 8 rations {@e1} (gained 1)
You see here 2 stones.
No target in view!
The orc priest shouts!
You hear a shout! x2
An orc priest comes into view. It is wielding a dagger of venom.
The orc priest shouts!
You hear a shout! x2
An orc comes into view. It is wielding a hand axe.
An orc wizard comes into view. It is wielding a dagger.
The orc wizard shouts!
The orc priest invokes the aid of Beogh against you.
Beogh smites you!
The orc wizard gestures wildly while chanting.
The orc wizard seems to speed up.
You take 11 damage, and have 37/49 hp.
MASSIVE DAMAGE!!
You hit the orc.
You kill the orc!
Trog accepts your kill.
The orc priest hits you but does no damage.
The orc misses you.
Things that are here:
a hand axe; a scroll labeled LOYMOI VEME You hit the orc.
The orc barely misses you.
You hit the orc but do no damage.
The orc wizard gestures wildly while chanting.
The orc wizard blinks!
The orc priest calls down the wrath of Beogh upon you.
Beogh smites you! The orc barely misses you.
You take 11 damage, and have 27/49 hp.
MASSIVE DAMAGE!!
You barely miss the orc. You barely miss the orc.
The orc wizard completely misses you. The orc closely misses you.
You closely miss the orc. The orc wizard closely misses you.
The orc misses you.
You hit the orc.
The orc wizard gestures wildly while chanting.
The orc wizard blinks!
The orc wizard casts a spell at you. The puff of flame hits you!
You take 7 damage, and have 20/49 hp.
You hit the orc but do no damage. The orc hits you.
You take 2 damage, and have 18/49 hp.
You hit the orc but do no damage. The orc wizard casts a spell at you.
The magic dart hits you!
* * * LOW HITPOINT WARNING * * *
The orc barely misses you.
You take 9 damage, and have 9/49 hp.
You hit the orc.
The orc priest looks encouraged for a moment.
The orc wizard hits you but does no damage.
The orc misses you.
Your skin crawls.
You feel resistant to hostile enchantments.
You feel somewhat more hungry. The orc wizard misses you.
The orc completely misses you.
You regained 2 hp, and now have 11/49 hp.
A red film seems to cover your vision as you go berserk!
You feel yourself moving faster!
You feel mighty!
You are feeling hungry.
The orc priest mumbles some strange prayers to Beogh against you.
Beogh smites you!
* * * LOW HITPOINT WARNING * * *
The orc wizard gestures wildly while chanting.
The orc wizard flickers and vanishes!
Deactivating autopickup; reactivate with Ctrl-A.
The orc hits you but does no damage.
You now have 8/73 hp.
You puncture something!
The orc wizard mumbles some strange words.
The orc wizard blinks!
You barely miss something. Something hits you.
* * * LOW HITPOINT WARNING * * *
The orc barely misses you.
You take 2 damage, and have 6/73 hp.
You hit something. Trog accepts your kill.
Trog appreciates your killing of a magic user.
Reactivating autopickup.
Your life force feels restored.
You feel a bit more experienced.
You hit the orc but do no damage. The orc closely misses you.
The orc priest looks encouraged for a moment.
You barely miss the orc. The orc hits you with a flail.
* * * LOW HITPOINT WARNING * * *
You take 3 damage, and have 4/73 hp.
You puncture the orc!
You kill the orc!
Trog accepts your kill. The orc hits you.
* * * LOW HITPOINT WARNING * * *
You take 2 damage, and have 2/73 hp.
The orc priest hits you with a war axe!
You die...

#.#...####.###.## .
#.##.>.o.o.# #..###
#.###.##..## ##...# ##.#
#....o.## ###.# #..#
###.o...## #.# #.##
##.###.<## #.# #.# #..#
#...###.#
...###.#####o######..##.#
.......oo@)o..##......##.#
(..####.####....(........#
.... ....<....###...
#..... .#####.... ##.#
#......# #.... #.. #...o..
#.... ### #......# ##### #
#....


You could see 2 orc priests, an orc wizard and an orc.

Vanquished Creatures
  A hound (D:4)
  An orc priest (D:4)
  2 orc wizards
  A gnoll (D:1)
  5 adders (D:3)
  An adder skeleton (D:4)
  3 worms
  2 dart slugs
  A leopard gecko (D:3)
  13 orcs
  10 bats
  4 giant cockroaches
  11 goblins
  13 hobgoblins
  6 jackals
  A quokka (D:2)
  2 ball pythons
  3 frilled lizards
  8 kobolds
  8 rats
96 creatures vanquished.

Notes
Turn   | Place    | Note
-------+----------+-------------------------------------------
     0 | D:1      | Firecrotchwizard the Merfolk Berserker began the quest for the Orb.
     0 | D:1      | Reached XP level 1. HP: 18/18 MP: 1/1
    23 | D:1      | Reached skill level 3 in Dodging
    23 | D:1      | Reached XP level 2. HP: 19/24 MP: 2/2
   187 | D:1      | Reached skill level 5 in Polearms
   299 | D:1      | Reached XP level 3. HP: 28/29 MP: 3/3
   908 | D:1      | Reached ** piety under Trog
  1168 | D:2      | Noticed Sigmund
  1435 | D:2      | Reached XP level 4. HP: 37/37 MP: 4/4
  1900 | D:3      | Reached skill level 2 in Armour
  2296 | D:3      | Reached skill level 6 in Polearms
  2328 | D:3      | Reached XP level 5. HP: 36/42 MP: 5/5
  2440 | D:3      | Found a sparkling altar of Nemelex Xobeh.
  2548 | D:3      | Reached skill level 4 in Fighting
  2586 | D:3      | Reached skill level 4 in Dodging
  2834 | D:3      | Found a sparkling altar of Nemelex Xobeh.
  3311 | D:4      | Reached *** piety under Trog
  3336 | D:4      | Reached XP level 6. HP: 44/48 MP: 6/6
  3436 | D:4      | Reached skill level 7 in Polearms
  3531 | D:4      | HP: 9/49 [orc wizard/magic dart (9)]
  3536 | D:4      | HP: 6/73 [something (3)]
  3540 | D:4      | HP: 2/73 [orc (3)]
  3541 | D:4      | Mangled by an orc priest

Skill      XL: |  1  2  3  4  5  6 |
---------------+-------------------+-----
Dodging        | 3 4 |  4.5
Polearms       | 5 6 7 |  7.1
Armour         | 2 |  2.4
Fighting       | 4 |  4.4

Action                   |  1- 3 |  4- 6 || total
-------------------------+-------+-------++-------
Melee: Spear             |   156 |   263 ||   419
Invok: Berserk           |     1 |     1 ||     2
       Trog's Hand       |       |     1 ||     1
 Stab: Sleeping          |     4 |     2 ||     6
  Eat: Chunk             |     3 |     4 ||     7
       Ration            |       |     1 ||     1
Armor: Animal skin       |    18 |     2 ||    20
       Chain mail        |       |    61 ||    61
       Ring mail         |       |     5 ||     5
Dodge: Dodged            |    75 |   106 ||   181

Vault maps used:
D:1:      eino_arrival_druids_welcome, patterned_corridor
D:2:      first_ration, small_statue_intersection, uniq_sigmund
D:3:      lemuel_doored_altar, nemelex_lonely_heart_becter

Table legend:
 A = Turns spent in this place as a percentage of turns spent in the entire game.
 B = Non-inter-level travel turns spent in this place as a percentage of non-inter-level travel turns spent in the entire game.
 C = Inter-level travel turns spent in this place as a percentage of turns spent in this place.
 D = Turns resting spent in this place as a percentage of non-inter-level travel turns spent in this place.
 E = Turns spent auto-exploring this place as a percentage of non-inter-level travel turns spent in this place.
 F = Non-inter-level travel turns spent in this place divided by the number of levels of this place that you've seen.
                   A       B       C       D       E      F
               +-------+-------+-------+-------+-------+----------------------
         Total | 100.0 | 100.0 |   2.8 |  20.3 |  57.3 | 860.8
       Dungeon | 100.0 | 100.0 |   2.8 |  20.3 |  57.3 | 860.8
               +-------+-------+-------+-------+-------+----------------------

Table legend:
 A = Kills in this place as a percentage of kills in entire the game.
 B = Kills by you in this place as a percentage of kills by you in the entire game.
 C = Kills by friends in this place as a percentage of kills by friends in the entire game.
 D = Other kills in this place as a percentage of other kills in the entire game.
 E = Experience gained in this place as a percentage of experience gained in the entire game.
 F = Experience gained in this place divided by the number of levels of this place that you have seen.
                   A       B       C       D       E      F
               +-------+-------+-------+-------+-------+----------------------
         Total | 100.0 | 100.0 |   N/A |   N/A | 100.0 | 104.8
       Dungeon | 100.0 | 100.0 |   N/A |   N/A | 100.0 | 104.8
               +-------+-------+-------+-------+-------+----------------------
